 Dungeon Crawl Stone Soup version 0.25-a0-1119-g28b6fd0c3b (webtiles) character file.

Game seed: 4433029494143600326, levelgen mode: deterministic

6318 Conn the Thaumaturge (level 10, -4/66 HPs)
             Began as an Octopode Wizard on May 18, 2020.
             Was a Believer of Sif Muna.
             Asphyxiated
             ... on level 1 of the Lair of Beasts.
             The game lasted 00:58:22 (12507 turns).

Conn the Thaumaturge (Octopode Wizard)             Turns: 12507, Time: 00:58:23

Health: -4/66      AC:  1    Str:  6    XL:     10   Next: 95%
Magic:  16/22      EV: 15    Int: 24    God:    Sif Muna [**....]
Gold:   2088       SH:  0    Dex: 11    Spells: 15/26 levels left

rFire    . . .     SeeInvis .   w - +2 dagger (venom)
rCold    + . .     Gourm    .   (no shield)
rNeg     + . .     Faith    .   a - +0 hat
rPois    .         Spirit   .   F - amulet of magic regeneration
rElec    .         Reflect  .   h - ring of protection from cold
rCorr    .         Harm     .   j - ring of positive energy
MR       .....                  g - ring of wizardry
Stlth    ++++......             (no ring)
HPRegen  0.21/turn              (no ring)
MPRegen  0.43/turn              (no ring)
                                (no ring)
                                (no ring)

@: brilliant, lethally poisoned (-4 -> -16), about to teleport, very slightly
contaminated, slowed, very slow
A: almost no armour, stealthy swim, amphibious, 8 rings, constrict 8, camouflage
1, gelatinous body 1
a: Channel Magic, Renounce Religion


You were on level 1 of the Lair of Beasts.
You worshipped Sif Muna.
Sif Muna was pleased with you.
You were not hungry.

You visited 2 branches of the dungeon, and saw 9 of its levels.

You collected 2088 gold pieces.

Inventory:

Hand Weapons
 m - a +2 dagger of holy wrath
 t - a +3 trident of pain
 w - a +2 dagger of venom (weapon)
 C - a cursed -3 quarterstaff
Missiles
 b - 61 sling bullets
 n - a throwing net
 o - 7 atropa-tipped darts
 I - 6 boomerangs of dispersal
 K - 8 curare-tipped darts (quivered)
Armour
 a - a +0 hat (worn)
Jewellery
 g - a ring of wizardry (on tentacle)
 h - a ring of protection from cold (left tentacle)
 j - a ring of positive energy (right tentacle)
 A - an uncursed amulet of guardian spirit
 F - an amulet of magic regeneration (around mantle)
Wands
 k - a wand of random effects (44)
 q - a wand of paralysis (3)
 G - a wand of digging (9)
 J - a wand of iceblast (8)
Scrolls
 s - a scroll of amnesia
 u - a scroll of immolation
 v - 6 scrolls of identify
 y - 2 scrolls of enchant weapon {unknown}
 z - 4 scrolls of remove curse
 B - a scroll of magic mapping {unknown}
 D - a scroll of teleportation
Potions
 d - a potion of mutation
 e - a potion of ambrosia
 i - 2 potions of heal wounds
 l - a potion of magic {unknown}
 p - a potion of curing {unknown}
 r - 3 potions of might
 x - 2 potions of brilliance
 E - 2 potions of flight {unknown}
 H - 2 potions of haste {unknown}
Comestibles
 c - 10 rations


   Skills:
 * Level 5.5 Fighting
 + Level 3.1 Short Blades
 + Level 0.2 Throwing
 * Level 5.6 Dodging
 + Level 6.0 Stealth
 * Level 8.8 Spellcasting
 * Level 6.9 Conjurations
 + Level 2.4 Summonings
 + Level 1.6 Translocations
 * Level 5.6 Fire Magic
 + Level 1.2 Air Magic
 + Level 1.4 Poison Magic
 + Level 0.8 Evocations


You had 15 spell levels left.
You knew the following spells:

 Your Spells              Type           Power        Failure   Level  Hunger
a - Magic Dart            Conj           ####         1%          1    None
b - Blink                 Tloc           N/A          1%          2    None
c - Call Imp              Summ           ####....     1%          2    None
d - Conjure Flame         Conj/Fire      ######..     1%          3    None
e - Mephitic Cloud        Conj/Pois/Air  #####...     1%          3    None

Your spell library contained the following spells:

 Spells                   Type           Power        Failure   Level  Hunger
 Apportation              Tloc           ####..       1%          1    None
 Slow                     Hex            ###.....     3%          2    None
 Gell's Gravitas          Tloc           ####......   3%          3    None
 Confusing Touch          Hex            ###.....     8%          3    None
 Petrify                  Tmut/Erth      ###.....     24%         4    None
 Metabolic Englaciation   Hex/Ice        ###.......   52%         5    None
 Yara's Violent Unravell  Hex/Tmut       ###.......   52%         5    None


Dungeon Overview and Level Annotations

Branches:
Dungeon (8/15)             Temple (0/1) D:6            Lair (1/6) D:8

Altars:
Kikubaaqudgha
Nemelex Xobeh
Okawaru
Sif Muna
The Shining One

Shops:
D:5 }

Annotations:
Lair:1 Sonja


Innate Abilities, Weirdness & Mutations

You cannot wear most types of armour.
You are very stealthy in the water. (Stealth+)
You are amphibious.
You can wear up to eight rings at the same time.
You can use your tentacles to constrict eight enemies at once.
Your skin changes colour to match your surroundings (Stealth+).
Your rubbery body absorbs attacks. (AC +1, EV +1)


Message History

Unknown command.
Casting: Blink (safe; 1% risk of failure)
Confirm with . or Enter, or press ? or * to list all spells.
Okay, then.
Unknown command.
Unknown command.
Unknown command.
Okay, then.
Unknown command.
Unknown command.
Unknown command.
Casting: Blink (safe; 1% risk of failure)
Confirm with . or Enter, or press ? or * to list all spells.
You feel a surge of power!
You blink.
* * * LOW HITPOINT WARNING * * *
You feel sick.
Sonja throws a curare-tipped dart.
The curare-tipped dart hits you.
You are more poisoned.
You have difficulty breathing.
You die...

# #.############
.............
#..........#
#.........##
#...(......# #.........#
#.... #§........#
.##...K #D...@....#
.......#####K.....).....
......K.................
......).....))..........
.......#..........######
#......≈≈≈≈.....#
##.$..(≈≈≈≈≈≈≈...#
.....$.≈≈≈≈≈≈≈≈....
.#.##..≈≈≈≈≈≈≈≈≈....


You could see a five-headed hydra and Sonja.

Vanquished Creatures
  Pikel (D:8)
  An elephant (D:8)
  Maurice (D:8)
  Maggie (D:7)
  The ghost of epen the Sneak, a novice VSAs (D:5)
  A queen bee (D:8)
  2 hippogriffs (D:8)
  Grum (D:8)
  A steam dragon (D:7)
  A hungry ghost (D:5)
  Menkaure (D:7)
  3 slaves (D:8)
  4 orc warriors
  A black bear (D:6)
  A phantom (D:5)
  2 ogres
  2 centaurs (D:5)
  3 wolves (D:8)
  2 crocodiles (D:8)
  A big kobold (D:7)
  4 bullfrogs
  2 scorpions
  19 killer bees
  4 wights (D:7)
  A howler monkey (D:5)
  5 crimson imps
  3 centaur zombies
  A jelly (D:7)
  Crazy Yiuf (D:7)
  2 bullfrog zombies
  2 hounds
  8 orc wizards
  An orc priest (D:6)
  3 iguanas
  Natasha (twice) (D:2)
  3 worker ants
  Ijyb (D:4)
  A hound zombie (D:8)
  2 worker ant zombies
  4 gnolls (D:3)
  6 adders
  2 shadow imps
  An ooze (D:4)
  An adder skeleton (D:6)
  3 worms
  A dart slug (D:1)
  4 leopard geckos
  26 orcs
  6 bats
  5 giant cockroaches
  3 goblins
  9 hobgoblins
  13 jackals
  3 quokkas
  2 ball pythons
  7 frilled lizards
  A jackal skeleton (D:4)
  A jackal zombie (D:7)
  11 kobolds
  A rat (D:1)
206 creatures vanquished.

Vanquished Creatures (collateral kills)
  An ice beast (D:7)
  3 wights (D:7)
  An orc priest (D:3)
  Natasha (D:2)
  3 adders
  A leopard gecko (D:1)
  2 orcs
  A giant cockroach (D:2)
  A kobold (D:1)
14 creatures vanquished.

Vanquished Creatures (others)
  A slave (D:8)
  A wight (D:7)
2 creatures vanquished.

Grand Total: 222 creatures vanquished

Notes
Turn   | Place    | Note
-------+----------+-------------------------------------------
     0 | D:1      | Conn the Octopode Wizard began the quest for the Orb.
     0 | D:1      | Reached XP level 1. HP: 11/11 MP: 4/4
   256 | D:1      | Reached XP level 2. HP: 11/17 MP: 0/6
   667 | D:1      | Learned a level 2 spell: Blink
   670 | D:1      | Learned a level 2 spell: Call Imp
   982 | D:2      | Reached XP level 3. HP: 19/21 MP: 8/8
  1040 | D:2      | Noticed Natasha
  1046 | D:2      | Learned a level 3 spell: Conjure Flame
  1076 | D:2      | Killed Natasha
  1083 | D:2      | Noticed Natasha
  1227 | D:2      | Killed Natasha
  1227 | D:2      | Reached skill level 4 in Spellcasting
  1227 | D:2      | Reached XP level 4. HP: 15/27 MP: 7/10
  1771 | D:2      | Noticed Natasha
  1847 | D:2      | Killed Natasha
  2229 | D:2      | Found a sparkling altar of Nemelex Xobeh.
  2412 | D:3      | Reached XP level 5. HP: 30/32 MP: 6/11
  2938 | D:4      | Reached skill level 1 in Fighting
  2950 | D:4      | Noticed Ijyb
  2971 | D:4      | Killed Ijyb
  2971 | D:4      | Reached skill level 1 in Fire Magic
  3621 | D:4      | Noticed an ogre
  3650 | D:4      | Killed an ogre
  3650 | D:4      | Reached XP level 6. HP: 34/38 MP: 3/12
  3976 | D:3      | Found an iron altar of Okawaru.
  4235 | D:3      | Reached skill level 1 in Short Blades
  4799 | D:5      | Entered Level 5 of the Dungeon
  4952 | D:5      | Noticed a hungry ghost
  4974 | D:5      | Killed a hungry ghost
  4974 | D:5      | Reached XP level 7. HP: 42/45 MP: 0/14
  5126 | D:5      | Reached skill level 5 in Spellcasting
  5147 | D:5      | Found a glowing golden altar of the Shining One.
  5375 | D:5      | Learned a level 3 spell: Mephitic Cloud
  5505 | D:5      | Found Iwkihi's Gadget Shop.
  5689 | D:5      | Found a runed translucent door.
  5742 | D:5      | Reached XP level 8. HP: 28/51 MP: 1/16
  5900 | D:5      | Noticed epen's ghost (novice VSAs)
  5989 | D:5      | Reached skill level 6 in Spellcasting
  6507 | D:5      | Killed epen's ghost
  7093 | D:6      | Found a shimmering blue altar of Sif Muna.
  7098 | D:6      | Became a worshipper of Sif Muna the Loreminder
  7234 | D:6      | Found a staircase to the Ecumenical Temple.
  7464 | D:6      | Reached skill level 7 in Spellcasting
  7464 | D:6      | Reached XP level 9. HP: 22/57 MP: 2/19
  8275 | D:6      | Identified Sif Muna's Reference Book on the Traveller
  8508 | D:7      | Reached skill level 5 in Stealth
  8767 | D:7      | Paralysed by a wight for 3 turns
  9195 | D:7      | Found a runed translucent door.
  9196 | D:7      | Noticed Crazy Yiuf
  9210 | D:7      | Killed Crazy Yiuf
  9210 | D:7      | Reached * piety under Sif Muna
  9210 | D:7      | Reached skill level 5 in Conjurations
  9293 | D:7      | Noticed Maggie
  9293 | D:7      | Noticed Menkaure
  9469 | D:7      | Killed Menkaure
  9605 | D:7      | Found a sparkling altar of Nemelex Xobeh.
  9861 | D:7      | Killed Maggie
  9861 | D:7      | Reached skill level 1 in Air Magic
 10184 | D:7      | Reached XP level 10. HP: 65/65 MP: 12/21
 10258 | D:7      | Identified a scroll of acquirement
 10545 | D:8      | Found an ancient bone altar of Kikubaaqudgha.
 10778 | D:8      | Noticed Pikel
 10779 | D:8      | Reached ** piety under Sif Muna
 10792 | D:8      | Killed Pikel
 10792 | D:8      | Reached skill level 5 in Dodging
 10792 | D:8      | Reached skill level 8 in Spellcasting
 10792 | D:8      | Reached skill level 1 in Poison Magic
 10801 | D:8      | Reached skill level 5 in Fire Magic
 10903 | D:8      | Noticed an elephant
 10961 | D:8      | Killed an elephant
 10961 | D:8      | Reached skill level 5 in Fighting
 11335 | D:8      | Found a staircase to the Lair.
 11393 | D:8      | Noticed Grum
 11419 | D:8      | Killed Grum
 11531 | D:8      | Noticed Maurice
 11536 | D:8      | Killed Maurice
 12487 | Lair:1   | Entered Level 1 of the Lair of Beasts
 12487 | Lair:1   | Noticed a five-headed hydra
 12501 | Lair:1   | Noticed Sonja
 12506 | Lair:1   | HP: 3/66 [five-headed hydra (16)]
 12507 | Lair:1   | Asphyxiated

Illustrated notes

Levels and vault maps discovered:
D:1:      matt_arrival_diagonals, layout_basic, minmay_domino_2
D:2:      minmay_evil_eye, layout_loops_ring, nemelex_xobeh_ov_fountains_minmay,
          kennysheep_minor_cross, minmay_misc_feat_square,
          kennysheep_generic_room_14, uniq_natasha
D:3:      minmay_general_purpose_star, layout_rooms, okawaru_gym_becter
D:4:      layout_loops_cross, first_ration, uniq_ijyb
D:5:      layout_basic, lemuel_coloured_pillars_altar, serial_shops,
          nicolae_shop_stone, ebering_ghost_sewer_d
D:6:      layout_gridville, led_sif_book, minmay_temple_entry_glassed_door,
          st_stairs_14
D:7:      layout_gridville, basic_altar, minmay_unpleasant_kobolds,
          uniq_crazy_yiuf_cottage, uniq_maggie, uniq_menkaure
D:8:      layout_basic, old_standard_altar, david_lair_generic, david_nohive_1,
          uniq_pikel, uniq_grum, uniq_maurice
Lair:1:   layout_small_grid, grunt_megastairs_4, infiniplex_staircase_pool,
          uniq_sonja, uniq_gastronok

Skill      XL: |  1  2  3  4  5  6  7  8  9 10 |
---------------+-------------------------------+-----
Stealth        | 3 4 5 6 |  6.0
Spellcasting   | 4 5 7 8 |  8.8
Fighting       | 1 2 3 4 5 |  5.5
Fire Magic     | 1 2 3 4 5 |  5.6
Conjurations   | 2 3 4 5 6 |  6.9
Short Blades   | 1 2 3 |  3.1
Dodging        | 3 4 5 |  5.6
Summonings     | 2 |  2.4
Air Magic      | 1 |  1.2
Poison Magic   | 1 |  1.4
Throwing       | |  0.2
Translocations | |  1.6
Evocations     | |  0.8

Action                   |  1- 3 |  4- 6 |  7- 9 | 10-12 || total
-------------------------+-------+-------+-------+-------++-------
Melee: Whip              |    30 |       |       |       ||    30
       Constrict         |     7 |    20 |    44 |    19 ||    90
       Tentacles         |     2 |    16 |    38 |    21 ||    77
       Short sword       |     7 |    33 |       |       ||    40
       Dagger            |       |   100 |   247 |   129 ||   476
Throw: Dart              |       |       |       |     4 ||     4
 Cast: Magic Dart        |    31 |    76 |   165 |    83 ||   355
       Call Imp          |     3 |    10 |    15 |     5 ||    33
       Blink             |       |     3 |     6 |     8 ||    17
       Conjure Flame     |       |     3 |     7 |     6 ||    16
       Mephitic Cloud    |       |       |    20 |    26 ||    46
Evoke: Wand              |       |       |    13 |     4 ||    17
  Use: Scroll            |     6 |     2 |     1 |     2 ||    11
       Potion            |       |     1 |     1 |     6 ||     8
 Stab: Sleeping          |     3 |     9 |     4 |     2 ||    18
       Paralysed         |       |       |     6 |     3 ||     9
       Confused          |       |       |    12 |     7 ||    19
       Distracted        |       |       |     1 |       ||     1
  Eat: Chunk             |     1 |    12 |    10 |     8 ||    31
       Ration            |       |       |     2 |       ||     2
Armor: Skin              |     8 |    16 |    11 |     3 ||    38
Dodge: Dodged            |    33 |    90 |   150 |   115 ||   388

Table legend:
 A = Non-vault XP
 B = Vault XP
 C = Vault XP percentage of total XP
 D = Non-vault monster count
 E = Vault monster count
 F = Vault count percentage of total count
                 A         B        C        D         E       F
            +---------+---------+-------+---------+---------+-------
      Total |    4416 |    4611 |  51.1 |     168 |      49 |  22.6
            +---------+---------+-------+---------+---------+-------
        D:1 |      30 |       2 |   6.2 |      17 |       1 |   5.6
        D:2 |      92 |      29 |  24.0 |      23 |       4 |  14.8
        D:3 |     184 |       4 |   2.1 |      25 |       2 |   7.4
        D:4 |     120 |      29 |  19.5 |       9 |       1 |  10.0
        D:5 |    1076 |     278 |  20.5 |      23 |       3 |  11.5
        D:6 |     801 |     141 |  15.0 |      24 |       3 |  11.1
        D:7 |    1388 |     692 |  33.3 |      29 |       9 |  23.7
        D:8 |     725 |    3436 |  82.6 |      18 |      26 |  59.1
            +---------+---------+-------+---------+---------+-------
